 Dungeon Crawl Stone Soup version 0.22.1-2-g9c5b331383 (webtiles) character file.

222878 Jerry the Bludgeoner (level 18, -2/164 (165) HPs)
             Began as a Ghoul Gladiator on Nov 22, 2018.
             Was the Champion of Yredelemnul.
             Slain by a daeva
             ... wielding a +2 scimitar of holy wrath
              (16 damage)
             ... on level 3 of the Abyss.
             The game lasted 03:27:36 (37605 turns).

Jerry the Bludgeoner (Ghoul Gladiator)             Turns: 37605, Time: 03:27:38

HP:   -2/164 (165)  AC: 27    Str: 30    XL:     18   Next: 76%
MP:   18/25         EV: 16    Int:  6    God:    Yredelemnul [******]
Gold: 1850          SH:  6    Dex: 10    Spells: 17/17 levels left

rFire    + . .     SeeInvis +   B - +9 whip (venom)
rCold    + + .     Gourm    .   K - +2 buckler
rNeg     + + +     Faith    .   x - +7 Kryia's mail coat {PotionHeal*2 rC+}
rPois    ∞         Spirit   .   s - +2 helmet
rElec    +         Reflect  .   q - +0 cloak
rCorr    .         Harm     .   u - +2 pair of gloves of Youthful Indiscretion {+Inv rElec Regen+ Str+7}
MR       +....                  C - +0 pair of boots
Stlth    +.........             J - amulet of the acrobat
HPRegen  0.00/turn              c - ring of see invisible
MPRegen  0.19/turn              Y - ring of protection from fire

@: rotting, hasted, glowing, very quick
A: rotting body, claws 1, carnivore, cold resistance 1, negative energy
resistance 3, inhibited regeneration, torment resistance, unbreathing
}: 2/15 runes: decaying, serpentine
a: Recall Undead Slaves, Injury Mirror, Animate Dead, Drain Life, Enslave Soul,
Renounce Religion, Evoke Invisibility


You were on level 3 of the Abyss.
You worshipped Yredelemnul.
Yredelemnul was exalted by your worship.
You were not hungry.

You visited 7 branches of the dungeon, and saw 34 of its levels.
You visited the Abyss 1 time.
You also visited: Sewer and Ice Cave.

You collected 3906 gold pieces.
You spent 2056 gold pieces at shops.

Inventory:

Hand Weapons
 r - a +3 broad axe
 B - a +9 whip of venom (weapon)
 U - a +7 blowgun
Missiles
 b - 11 tomahawks of dispersal
 d - 3 throwing nets (quivered)
Armour
 m - a +0 plate armour of cold resistance
 q - a +0 cloak (worn)
 s - a +2 helmet (worn)
 u - the +2 pair of gloves of Youthful Indiscretion (worn) {+Inv rElec Regen+ Str+7}
   (You bought it in a shop on level 2 of the Orcish Mines)

   It affects your strength (+7).
   It insulates you from electricity.
   It lets you turn invisible.
   It increases your rate of regeneration.
 x - the +7 Kryia's mail coat (worn) {PotionHeal*2 rC+}
   (You found it on level 4 of the Dungeon)

   It protects you from cold.
 C - a +0 pair of boots (worn)
 K - a +2 buckler (worn)
Jewellery
 c - a ring of see invisible (left hand)
 G - an uncursed ring of resist corrosion
 H - a cursed ring of teleportation {unknown}
 J - an amulet of the acrobat (around neck)
 M - an uncursed ring of protection from cold
 Y - a ring of protection from fire (right hand)
Wands
 i - a wand of enslavement (14)
 o - a wand of polymorph (11)
 v - a wand of paralysis (17)
 y - a wand of iceblast (12)
 A - a wand of clouds (14)
 E - a wand of flame (69)
 L - a wand of digging (5)
 T - a wand of scattershot (6)
 W - a wand of acid (6)
Scrolls
 g - 2 scrolls of enchant weapon
 j - 11 scrolls of identify
 l - 13 scrolls of remove curse
 n - 5 scrolls of fear
 p - 5 scrolls of fog
 w - 10 scrolls of teleportation
 F - a scroll of magic mapping
 O - a scroll of torment
 P - 3 scrolls of amnesia
 Q - 4 scrolls of enchant armour
 S - a scroll of acquirement {unknown}
Potions
 a - 5 potions of brilliance
 e - 5 potions of cancellation
 h - 6 potions of flight
 t - a potion of magic
 z - 9 potions of curing
 D - 5 potions of ambrosia
 I - 3 potions of haste
 N - 2 potions of heal wounds
 R - a potion of resistance
 X - 2 potions of might
Miscellaneous
 V - a phial of floods
 Z - a lightning rod (4/4)
Comestibles
 f - 64 rations
 k - 2 chunks of flesh


   Skills:
 + Level 15.6 Fighting
 - Level 16.2 Maces & Flails
 - Level 1.7 Throwing
 + Level 14.7 Armour
 + Level 11.8 Dodging
 - Level 9.6 Stealth
 - Level 4.0 Shields
 - Level 10.7 Invocations


You had 17 spell levels left.
You didn't know any spells.
Your spell library contained the following spells:

 Spells                   Type           Power        Failure   Level  Hunger
 Animate Skeleton         Necr           N/A          63%         1    ##.....
 Apportation              Tloc           #.....       63%         1    ##.....
 Confusing Touch          Hex            #.....       63%         1    ##.....
 Corona                   Hex            #......      63%         1    ##.....
 Sandblast                Erth           #.....       63%         1    ##.....
 Sting                    Conj/Pois      #...         63%         1    ##.....
 Summon Small Mammal      Summ           #...         63%         1    ##.....
 Blink                    Tloc           N/A          77%         2    ###....
 Call Imp                 Summ           #.......     77%         2    ###....
 Ensorcelled Hibernation  Hex/Ice        #.....       77%         2    ###....
 Passwall                 Tmut/Erth      #.......     77%         2    ###....
 Poisonous Vapours        Pois/Air       #.....       77%         2    ###....
 Shroud of Golubria       Chrm/Tloc      #.........   77%         2    ###....
 Slow                     Hex            #.......     77%         2    ###....
 Sticks to Snakes         Tmut           #.......     77%         2    ###....
 Call Canine Familiar     Summ           #.......     94%         3    ####...
 Confuse                  Hex            #.......     94%         3    ####...
 Dazzling Spray           Conj/Hex       #.....       94%         3    ####...
 Gell's Gravitas          Tloc           #.........   94%         3    ####...
 Inner Flame              Hex/Fire       #.......     94%         3    ####...
 Lesser Beckoning         Tloc           #.........   94%         3    ####...
 Mephitic Cloud           Conj/Pois/Air  #.......     94%         3    ####...
 Portal Projectile        Hex/Tloc       #.....       94%         3    ####...
 Stone Arrow              Conj/Erth      #.....       94%         3    ####...
 Summon Guardian Golem    Hex/Summ       #.......     94%         3    ####...
 Teleport Other           Tloc           #.......     94%         3    ####...
 Tukima's Dance           Hex            #.......     94%         3    ####...
 Cause Fear               Hex            #.........   100%        4    #####..
 Leda's Liquefaction      Hex/Erth       #.........   100%        4    #####..
 Olgreb's Toxic Radiance  Pois           #.......     100%        4    #####..
 Passage of Golubria      Tloc           N/A          100%        4    #####..
 Petrify                  Tmut/Erth      #.......     100%        4    #####..
 Summon Ice Beast         Ice/Summ       #.......     100%        4    #####..
 Summon Lightning Spire   Summ/Air       #.......     100%        4    #####..
 Lee's Rapid Deconstruct  Erth           #.........   100%        5    ######.
 Venom Bolt               Conj/Pois      #.........   100%        5    ######.
 Beastly Appendage        Tmut           Unusable     N/A         1    N/A
 Spider Form              Tmut/Pois      Unusable     N/A         3    N/A
 Ice Form                 Ice/Tmut       Unusable     N/A         4    N/A
 Blade Hands              Tmut           Unusable     N/A         5    N/A

Dungeon Overview and Level Annotations

Branches:
Dungeon (15/15)            Temple (1/1) D:6            Lair (6/6) D:11
  Swamp (4/4) Lair:3        Snake (4/4) Lair:2        Slime (0/5) Lair:5
    Orc (2/2) D:9             Elf (0/3) Orc:2        Vaults (0/5) D:13
 Depths (2/5) D:15

Altars:
Ashenzari
Cheibriados
Dithmenos
Elyvilon
Fedhas
Gozag
Hepliaklqana
Kikubaaqudgha
Makhleb
Nemelex Xobeh
Okawaru
Qazlal
Ru
Sif Muna
Trog
Uskayaw
Vehumet
Wu Jian
Xom
Yredelemnul
Zin
The Shining One
Beogh

Shops:
D:4 %   D:11 [   D:12 :   D:13 [   Orc:2 [=*(   Snake:2 **?   Snake:4 =(
Depths:2 *

Portals:
Hell: Depths:1 Depths:2
Abyss: Depths:1

Annotations:
Snake:1 3 runed doors, Anwuhinu's ghost, adept VSAs
Orc:1 Erolcha
Orc:2 3 runed doors, RUZZLEFAZAZZLE's ghost, journeyman GnFi
Depths:2 the Enchantress


Innate Abilities, Weirdness & Mutations

Your body is rotting away.
You thrive on raw meat.
You are immune to poison.
You have sharp fingernails.
You are carnivorous and can eat meat at any time.
Your flesh is cold resistant. (rC+)
You are immune to negative energy. (rN+++)
You do not regenerate when monsters are visible.
You are immune to unholy pain and torment.
You can survive without breathing.


Message History

You whack the daeva!
The daeva looks as sick as possible!
The daeva is severely wounded.
You hit the daeva.
The daeva is severely wounded.
You hit the daeva.
The daeva is severely wounded.
The daeva barely misses you. The daeva closely misses you.
The daeva blocks your attack.
The daeva is severely wounded.
You closely miss the daeva.
The daeva is severely wounded.
You hit the daeva.
The daeva looks as sick as possible!
The daeva is severely wounded.
The daeva blocks your attack.
The daeva is severely wounded.
The daeva hits you with a scimitar of holy wrath!
* * * LOW HITPOINT WARNING * * *
You convulse!
You die...
Yredelemnul claims you as an undead slave.

## # #
#.#.##.#
#A#..#
##.@.#
.##..#.# #
........# #
##..###.#..
. ##.# ....
. . . # ##
... . # #.#
.. . #.# .
. # # ..


You could see a daeva (invisible).

Vanquished Creatures
  Rupert (D:13)
  A sphinx (Depths:1)
  A thorn hunter (Swamp:4)
  Frances (Snake:1)
  A fire giant (Depths:2)
  A reaper (IceCv)
  A very ugly thing (Depths:2)
  2 stone giants
  A lorocyproca (Abyss:3)
  2 ettins
  The ghost of Cykl0x the Blocker, a journeyman GrFi of Okawaru (D:13)
  A fire dragon (Swamp:4)
  A yaktaur captain (Depths:1)
  Josephine (D:9)
  Fannar (Lair:3)
  3 naga warriors
  A rakshasa (Depths:1)
  An ice dragon (Lair:5)
  11 hydras
  7 anacondas
  An alligator (Swamp:4)
  A death knight (D:13)
  7 two-headed ogres
  A deep troll earth mage (Depths:1)
  3 tengu warriors
  6 shock serpents
  2 naga sharpshooters (Snake:1)
  A salamander mystic (Snake:4)
  2 wizards (D:13)
  A shambling mangrove (Swamp:2)
  A deep troll (Depths:1)
  A sea snake (Snake:2)
  2 naga ritualists
  A lindwurm (Snake:4)
  An orc knight (Orc:2)
  Pikel (D:8)
  An oklob plant (Lair:1)
  2 deep elf magi (D:14)
  6 mana vipers
  A manticore (D:10)
  4 cyclopes
  4 ugly things
  5 orc sorcerers
  2 guardian serpents (Snake:4)
  A stone giant skeleton (Depths:2)
  18 black mambas
  Maurice (D:12)
  Joseph (D:8)
  4 naga magi
  2 ice statues (IceCv)
  12 spiny frogs
  3 yaktaurs
  A kobold demonologist (D:14)
  5 komodo dragons
  2 freezing wraiths (D:13)
  9 ice devils (IceCv)
  A tengu conjurer (Depths:2)
  3 trolls
  A tyrant leech (Swamp:4)
  A polar bear (Lair:6)
  5 hornets
  Grinder (D:6)
  3 bog bodies
  3 slime creatures (D:14)
  2 dream sheep (Lair:6)
  4 blink frogs
  7 hippogriffs
  8 spriggans
  A redback (Snake:3)
  A spriggan skeleton (Depths:2)
  7 wraiths
  A hog (D:15)
  31 yaks
  2 wyverns
  A hungry ghost (D:7)
  A basilisk (Lair:5)
  10 vampire mosquitoes
  A steam dragon (shapeshifter) (Depths:1)
  4 swamp worms
  An insubstantial wisp (Swamp:2)
  3 wargs
  10 nagas
  A soldier ant (D:12)
  Duvessa (D:6)
  9 water moccasins
  10 porcupines
  A sky beast (D:14)
  20 orc warriors
  5 ice beasts
  2 phantoms
  5 black bears
  24 wolves
  An eye of draining (D:13)
  A necrophage (D:13)
  14 ogres
  A boggart (Lair:6)
  3 centaurs
  10 crocodiles
  13 big kobolds
  Blork the orc (D:6)
  13 bullfrogs
  A water moccasin zombie (D:9)
  Dowan (D:6)
  A small abomination (Abyss:3)
  A wyvern skeleton (D:8)
  6 scorpions
  2 wights (D:11)
  2 electric eels
  9 howler monkeys
  3 bullfrog zombies
  7 crimson imps
  A centaur zombie (D:8)
  2 hounds
  A quasit (D:15)
  A centaur skeleton (D:8)
  5 jellies
  10 orc priests
  A bullfrog skeleton (D:6)
  16 orc wizards
  15 worker ants
  Natasha (thrice) (D:2)
  3 iguanas
  2 hound skeletons (D:5)
  A worker ant zombie (D:5)
  Robin (D:1)
  7 gnolls (D:7)
  16 adders
  A river rat (Sewer)
  4 shadow imps
  5 white imps (IceCv)
  12 ufetubi (IceCv)
  4 oozes
  An orc zombie (D:12)
  An adder skeleton (D:9)
  4 worms
  5 dart slugs
  2 leopard geckos
  53 orcs
  5 giant cockroaches
  16 goblins
  10 hobgoblins
  12 jackals
  3 quokkas
  A ball python (D:2)
  2 bats
  3 frilled lizards
  A jackal skeleton (D:5)
  21 kobolds
  A leopard gecko skeleton (D:5)
  2 quokka skeletons (D:7)
  8 rats
  4 briar patches
  A plant (Lair:1)
704 creatures vanquished.

Vanquished Creatures (collateral kills)
  Saint Roka (Orc:2)
  Kirke (D:15)
  4 thorn hunters
  7 nagarajas
  A frost giant (Depths:1)
  Louise (D:15)
  An orc warlord (Depths:2)
  6 very ugly things (Depths:2)
  A stone giant (Depths:1)
  A vampire knight (Depths:2)
  3 fire dragons
  7 ettins
  A great orb of eyes (Depths:2)
  3 vault guards (Depths:2)
  6 naga warriors
  An ice dragon (Depths:2)
  14 hydras
  4 two-headed ogres
  2 ogre magi
  6 centaur warriors
  2 ghost crabs
  A catoblepas (D:15)
  10 anacondas
  11 alligators
  A deep troll shaman (Depths:1)
  Urug (Orc:1)
  A deep troll earth mage (Depths:2)
  An orc high priest (Orc:2)
  15 naga sharpshooters
  2 spriggan berserkers (Depths:2)
  16 shock serpents
  6 salamander mystics
  2 sea snakes (Snake:2)
  A spriggan druid (Swamp:3)
  8 swamp dragons
  5 shambling mangroves
  9 deep trolls
  An unseen horror (D:15)
  8 naga ritualists
  A deep elf mage (D:14)
  An iron dragon zombie (Depths:2)
  3 lindwurms (Snake:4)
  3 orc knights
  14 mana vipers
  A necromancer (Depths:2)
  4 ugly things (Depths:2)
  2 cyclopes
  7 salamanders
  23 black mambas
  3 guardian serpents (Snake:4)
  20 naga magi
  A gargoyle (D:15)
  A spiny frog (shapeshifter) (Depths:1)
  11 spiny frogs
  4 komodo dragons
  A rime drake (Lair:5)
  2 efreet
  2 centaur skeletons (D:15)
  A yaktaur (shapeshifter) (Depths:1)
  4 yaktaurs
  3 tengu conjurers
  2 trolls
  2 polar bears
  7 tyrant leeches
  6 bog bodies
  4 blink frogs
  5 slime creatures
  17 hornets
  3 hippogriffs
  21 yaks
  4 redbacks (Snake:3)
  13 spriggans
  A shadow (Swamp:2)
  3 water elementals (Depths:1)
  3 hogs (D:15)
  3 basilisks
  14 vampire mosquitoes
  2 hungry ghosts (D:15)
  30 nagas
  7 insubstantial wisps
  An acid dragon (D:15)
  9 swamp worms
  A porcupine (Lair:3)
  4 water moccasins
  A swamp drake (shapeshifter) (Depths:1)
  9 orc warriors
  10 swamp drakes
  2 phantoms
  2 sky beasts
  3 black bears
  An ogre (Depths:2)
  A boggart (Lair:6)
  15 wolves
  A centaur (D:12)
  9 crocodiles
  2 bullfrogs (Lair:1)
  A scorpion (Lair:1)
  A wight (D:11)
  An electric eel (Lair:5)
  A bullfrog zombie (D:11)
  A bullfrog skeleton (D:13)
  A jelly (D:15)
  7 orc priests
  8 orc wizards (Orc:2)
  2 iguanas
  A shadow imp (D:13)
  A white imp (Depths:1)
  6 orcs
  A jackal (D:9)
  A kobold (D:11)
  An orc skeleton (Orc:2)
  11 briar patches
  A butterfly (Lair:4)
  12 fungi
  15 plants
575 creatures vanquished.

Vanquished Creatures (others)
  A vampire knight (Snake:4)
  2 anaconda zombies
  2 skeletal warriors
  3 flayed ghosts
  7 phantasmal warriors
  A shock serpent zombie (Snake:3)
  A spectral orc (Snake:2)
  A shock serpent skeleton (Snake:1)
  A hydra zombie (Swamp:4)
  An ice dragon zombie (Lair:5)
  An alligator zombie (Swamp:4)
  8 flying skulls
  4 black mamba zombies
  4 wraiths
  3 insubstantial wisps (Swamp:2)
  A naga (Snake:3)
  A hornet zombie (Swamp:3)
  2 water moccasin zombies
  2 troll zombies (Orc:2)
  A water moccasin skeleton (Lair:6)
  2 yak zombies
  3 wights
  4 wolf zombies
  A centaur zombie (D:11)
  2 orc wizards
  A big kobold zombie (D:14)
  A crocodile zombie (Lair:6)
  An ogre zombie (Orc:2)
  7 naga zombies
  A necrophage skeleton (D:13)
  A naga skeleton (Snake:1)
  A mummy (D:10)
  A swamp drake zombie (Swamp:2)
  2 orc skeletons (Orc:2)
  2 white imps (IceCv)
  2 ufetubi (IceCv)
  A ball lightning (Snake:3)
  2 orcs (D:5)
  A jackal (D:5)
  7 orc zombies
  3 bushes (D:6)
  11 fungi
  14 plants
118 creatures vanquished.

Grand Total: 1397 creatures vanquished

Notes
Turn   | Place    | Note
-------+----------+-------------------------------------------
     0 | D:1      | Jerry the Ghoul Gladiator began the quest for the Orb.
     0 | D:1      | Reached XP level 1. HP: 17/17 MP: 0/0
   151 | D:1      | Reached XP level 2. HP: 25/25 MP: 1/1
   179 | D:1      | Reached skill level 3 in Maces & Flails
   288 | D:1      | Reached XP level 3. HP: 21/30 MP: 2/2
   539 | D:1      | Reached skill level 1 in Armour
   821 | D:2      | Reached XP level 4. HP: 35/36 MP: 3/3
   828 | D:2      | Noticed Robin
  1134 | D:1      | Killed Robin
  1579 | D:2      | Reached XP level 5. HP: 44/45 MP: 4/4
  1711 | D:2      | Found a white marble altar of Elyvilon.
  1725 | D:2      | Noticed Natasha
  1734 | D:2      | Killed Natasha
  1734 | D:2      | Reached skill level 4 in Maces & Flails
  1880 | D:2      | Noticed Natasha
  1888 | D:2      | Killed Natasha
  1900 | D:2      | Found a snail-covered altar of Cheibriados.
  2011 | D:2      | Noticed Natasha
  2020 | D:2      | Killed Natasha
  2311 | D:3      | Reached XP level 6. HP: 49/49 MP: 5/5
  3081 | D:4      | Found Wofijoing's Food Boutique.
  3643 | D:4      | Found the +7 Kryia's mail coat {PotionHeal*2 rC+}
  4043 | D:5      | Entered Level 5 of the Dungeon
  4120 | D:5      | Found a shadowy altar of Dithmenos.
  4505 | D:5      | Found a shimmering altar of Xom.
  4586 | D:5      | Reached XP level 7. HP: 58/59 MP: 6/6
  4597 | D:5      | Reached skill level 5 in Maces & Flails
  5484 | D:5      | Reached XP level 8. HP: 62/67 MP: 7/7
  5521 | D:5      | Found a sparkling altar of Nemelex Xobeh.
  5860 | D:5      | Found an ancient bone altar of Kikubaaqudgha.
  5862 | D:5      | Found a glowing silver altar of Zin.
  6028 | D:6      | Found a shattered altar of Ashenzari.
  6046 | D:6      | Found a glowing drain.
  6062 | Sewer    | Entered a sewer
  6157 | Sewer    | Reached skill level 5 in Fighting
  6157 | Sewer    | Reached skill level 6 in Maces & Flails
  6188 | Sewer    | Found a white marble altar of Elyvilon.
  6528 | D:6      | Noticed Blork the orc
  6537 | D:6      | Killed Blork the orc
  6550 | D:6      | Found a staircase to the Ecumenical Temple.
  6576 | Temple   | Entered the Ecumenical Temple
  6640 | Temple   | Became a worshipper of Yredelemnul the Dark
  6749 | D:6      | Found a blossoming altar of Fedhas.
  6811 | D:6      | Noticed Duvessa
  6814 | D:6      | Noticed Dowan
  6837 | D:6      | Killed Duvessa
  6837 | D:6      | Reached skill level 7 in Maces & Flails
  6837 | D:6      | Reached skill level 1 in Invocations
  6853 | D:6      | Killed Dowan
  7009 | D:6      | Noticed Grinder
  7017 | D:6      | Paralysed by Grinder for 4 turns
  7025 | D:6      | Killed Grinder
  7025 | D:6      | Reached XP level 9. HP: 66/75 MP: 9/9
  7736 | D:7      | Reached skill level 8 in Maces & Flails
  7736 | D:7      | Reached skill level 5 in Armour
  7746 | D:7      | Reached * piety under Yredelemnul
  7883 | D:7      | Found an iron altar of Okawaru.
  8290 | D:7      | Found a burning altar of Makhleb.
  8455 | D:8      | Noticed Pikel
  8472 | D:8      | Killed Pikel
  8472 | D:8      | Reached XP level 10. HP: 79/86 MP: 12/12
  8646 | D:8      | Noticed a two-headed ogre
  8665 | D:8      | Killed a two-headed ogre
  8665 | D:8      | Reached skill level 9 in Maces & Flails
  8811 | D:8      | Reached skill level 5 in Invocations
  9008 | D:8      | Noticed Joseph
  9021 | D:8      | Killed Joseph
  9065 | D:8      | Reached ** piety under Yredelemnul
  9406 | D:9      | Found an ornate altar of the Wu Jian Council.
  9459 | D:9      | Found a glowing golden altar of the Shining One.
  9609 | D:9      | Found a staircase to the Orcish Mines.
  9857 | D:9      | You fall through a shaft for 3 floors!
  9872 | D:12     | Noticed Maurice
  9889 | D:12     | Killed Maurice
  9889 | D:12     | Reached skill level 10 in Maces & Flails
  9889 | D:12     | Reached XP level 11. HP: 68/92 MP: 14/14
 10066 | D:12     | Noticed a two-headed ogre
 10082 | D:12     | Killed a two-headed ogre
 10288 | D:12     | Noticed a two-headed ogre
 10304 | D:12     | Killed a two-headed ogre
 10312 | D:12     | Found Roarekh's Book Shoppe.
 10465 | D:12     | Noticed a cyan ugly thing
 10513 | D:12     | Killed a cyan ugly thing
 10513 | D:12     | Reached *** piety under Yredelemnul
 10944 | D:11     | Noticed a cyclops
 11085 | D:10     | Entered Level 10 of the Dungeon
 11568 | D:10     | Received a gift from Yredelemnul (a mummy)
 11754 | D:10     | Noticed a manticore
 11765 | D:10     | Reached skill level 11 in Maces & Flails
 12179 | D:10     | Killed a manticore
 12532 | D:10     | Found a glowing golden altar of the Shining One.
 12550 | D:10     | Received a gift from Yredelemnul (a wight)
 12633 | D:11     | Found a staircase to the Lair.
 12710 | D:11     | Reached XP level 12. HP: 90/106 MP: 16/16
 12745 | D:11     | Found Idout's Armour Shop.
 12759 | D:11     | Reached **** piety under Yredelemnul
 13390 | Lair:1   | Entered Level 1 of the Lair of Beasts
 13504 | Lair:1   | Received a gift from Yredelemnul (4 flying skulls)
 13518 | Lair:1   | Reached skill level 10 in Fighting
 13559 | Lair:1   | Noticed a four-headed hydra
 13569 | Lair:1   | Killed a four-headed hydra
 13788 | Lair:1   | Received a gift from Yredelemnul (a wraith)
 13914 | Lair:1   | Reached skill level 12 in Maces & Flails
 14190 | Lair:2   | Found a staircase to the Snake Pit.
 14445 | Lair:2   | Reached ***** piety under Yredelemnul
 14446 | Lair:2   | Received a gift from Yredelemnul (a wight)
 14911 | Lair:3   | Noticed a seven-headed hydra
 14928 | Lair:3   | Killed a seven-headed hydra
 15067 | Lair:3   | Noticed a seven-headed hydra
 15078 | Lair:3   | Killed a seven-headed hydra
 15479 | Lair:3   | Noticed Fannar
 15496 | Lair:3   | Killed Fannar
 15548 | Lair:3   | Reached XP level 13. HP: 89/116 MP: 17/17
 15578 | Lair:3   | Found a staircase to the Swamp.
 15806 | Lair:3   | Reached skill level 13 in Maces & Flails
 16396 | Lair:4   | Received a gift from Yredelemnul (a wraith)
 17371 | Lair:5   | Received a gift from Yredelemnul (a phantasmal warrior)
 17422 | Lair:5   | Found a frozen archway.
 17423 | Lair:5   | Noticed an ice dragon
 17460 | Lair:5   | Killed an ice dragon
 17460 | Lair:5   | Received a gift from Yredelemnul (a wight)
 17488 | IceCv    | Entered an ice cave
 18318 | IceCv    | Noticed a reaper
 18331 | IceCv    | Killed a reaper
 18331 | IceCv    | Reached skill level 10 in Armour
 18913 | Lair:5   | Reached skill level 14 in Maces & Flails
 19223 | Lair:5   | Found a staircase to the Slime Pits.
 19649 | Lair:6   | Entered Level 6 of the Lair of Beasts
 19932 | Lair:6   | Reached XP level 14. HP: 56/127 MP: 18/18
 20114 | Lair:6   | Received a gift from Yredelemnul (a wraith)
 20477 | Lair:6   | Received a gift from Yredelemnul (3 flying skulls)
 20649 | Lair:6   | Received a gift from Yredelemnul (a flying skull)
 21010 | Lair:6   | Received a gift from Yredelemnul (a phantasmal warrior)
 21439 | Lair:6   | Reached skill level 1 in Shields
 21927 | D:13     | Received a gift from Yredelemnul (a phantasmal warrior)
 21967 | D:13     | Noticed Rupert
 21993 | D:13     | Reached skill level 5 in Dodging
 22014 | D:13     | Killed Rupert
 22041 | D:13     | Reached ****** piety under Yredelemnul
 22219 | D:13     | Reached skill level 15 in Maces & Flails
 22219 | D:13     | Received a gift from Yredelemnul (a skeletal warrior)
 22346 | D:13     | Found a runed door.
 22348 | D:13     | Noticed Cykl0x's ghost (journeyman GrFi)
 22363 | D:13     | Found Jezusk's Armour Shoppe.
 22369 | D:13     | Bought the +2 pair of gloves of the Gusle {+Inv +Fly Str+3
                  | Stlth+} for 555 gold pieces
 22481 | D:13     | Found a gate to the Vaults.
 22482 | D:13     | Paralysed by a wizard for 5 turns
 22496 | D:13     | Reached skill level 1 in Stealth
 22784 | D:13     | Killed Cykl0x's ghost
 22788 | D:13     | Got a polished spear {freeze}
 22806 | D:13     | Identified the +9 spear of Fear {freeze, *Corrode Str+6
                  | Int+4 SInv} (You took it off a spriggan rider on level 13
                  | of the Dungeon)
 22862 | D:14     | Received a gift from Yredelemnul (a phantasmal warrior)
 23628 | D:14     | Reached XP level 15. HP: 107/133 MP: 20/20
 24044 | Orc:1    | Entered Level 1 of the Orcish Mines
 24056 | Orc:1    | Noticed Josephine
 24082 | D:9      | Killed Josephine
 24574 | Orc:1    | Noticed Urug
 24600 | Orc:1    | Killed Urug
 24881 | Orc:1    | You fall through a shaft!
 24881 | Orc:2    | Entered Level 2 of the Orcish Mines
 24933 | Orc:2    | Received a gift from Yredelemnul (a wraith)
 25043 | Orc:2    | Noticed Nergalle
 25295 | Orc:2    | Received a gift from Yredelemnul (a flayed ghost)
 25304 | Orc:2    | Noticed Saint Roka
 25316 | Orc:2    | HP: 6/132 [orc high priest/divine providence (11)]
 25393 | Orc:2    | Found a runed gate.
 25679 | Orc:2    | Found a runed gate.
 25681 | Orc:2    | Found a runed gate.
 25683 | Orc:2    | Noticed RUZZLEFAZAZZLE's ghost (journeyman GnFi)
 25696 | Orc:2    | Received a gift from Yredelemnul (a phantasmal warrior)
 25712 | Orc:2    | Found a staircase to the Elven Halls.
 25715 | Orc:2    | Paralysed by an orc sorcerer for 4 turns
 25886 | Orc:2    | Found a roughly hewn altar of Beogh.
 26026 | Orc:1    | Noticed Erolcha
 26041 | Orc:1    | Paralysed by an orc sorcerer for 6 turns
 26693 | Orc:2    | Killed Saint Roka
 27129 | Orc:2    | Received a gift from Yredelemnul (a vampire knight)
 27153 | Orc:2    | Killed Nergalle
 27153 | Orc:2    | Enslaved Nergalle
 27183 | Orc:2    | Found a roughly hewn altar of Beogh.
 27187 | Orc:2    | Found Zitielucw's General Store.
 27191 | Orc:2    | Found Owiachaj's Antique Weapon Shoppe.
 27266 | Orc:2    | Found Buba's Antique Armour Shoppe.
 27277 | Orc:2    | Bought a runed helmet for 315 gold pieces
 27277 | Orc:2    | Bought a pair of ichor-stained gloves for 399 gold pieces
 27340 | Orc:2    | Found Cuiqi's Jewellery Shoppe.
 27346 | Orc:2    | Identified the +2 pair of gloves of Youthful Indiscretion
                  | {+Inv rElec Regen+ Str+7} (You bought it in a shop on level
                  | 2 of the Orcish Mines)
 27394 | Orc:2    | Bought an uncursed ring of see invisible for 240 gold
                  | pieces
 27755 | Snake:1  | Entered Level 1 of the Snake Pit
 27769 | Snake:1  | Noticed Frances
 27780 | Snake:1  | Reached skill level 5 in Stealth
 27790 | Snake:1  | Killed Frances
 27898 | Snake:1  | Received a gift from Yredelemnul (a vampire knight)
 27935 | Snake:1  | Received a gift from Yredelemnul (a bone dragon)
 28105 | Snake:1  | Found a runed gate.
 28105 | Snake:1  | Found a runed gate.
 28105 | Snake:1  | Found a runed gate.
 28105 | Snake:1  | Noticed Anwuhinu's ghost (adept VSAs)
 28574 | Snake:2  | Received a gift from Yredelemnul (a flayed ghost)
 28627 | Snake:2  | Found a blossoming altar of Fedhas.
 28798 | Snake:2  | Found Diots's Assorted Antiques.
 28819 | Snake:2  | Found Riesekurr's Magic Scroll Boutique.
 28824 | Snake:2  | Received a gift from Yredelemnul (a profane servitor)
 28850 | Snake:2  | Bought a scroll labeled ZOWOGR FABEP for 29 gold pieces
 28908 | Snake:2  | Reached XP level 16. HP: 128/141 MP: 22/22
 28931 | Snake:2  | Your ally Nergalle died
 29048 | Snake:2  | Found Eoceaqui's Eclectic Emporium.
 29059 | Snake:2  | Bought a scroll of enchant weapon for 127 gold pieces
 29268 | Snake:3  | Noticed a nagaraja
 29280 | Snake:3  | Killed a nagaraja
 29294 | Snake:3  | Reached skill level 10 in Invocations
 29338 | Snake:3  | Received a gift from Yredelemnul (a profane servitor)
 29940 | Snake:4  | Entered Level 4 of the Snake Pit
 30459 | Snake:4  | Reached skill level 16 in Maces & Flails
 30578 | Snake:4  | Found Idinau's Jewellery Emporium.
 30583 | Snake:4  | Found Bel Utautz's Antique Weapon Emporium.
 30866 | Snake:4  | Noticed a nagaraja
 30875 | Snake:4  | Killed a nagaraja
 30880 | Snake:4  | Received a gift from Yredelemnul (a skeletal warrior)
 30886 | Snake:4  | Noticed a nagaraja
 30889 | Snake:4  | Noticed a nagaraja
 30902 | Snake:4  | Killed a nagaraja
 30903 | Snake:4  | Killed a nagaraja
 31043 | Snake:4  | Received a gift from Yredelemnul (a flayed ghost)
 31056 | Snake:4  | Noticed a nagaraja
 31057 | Snake:4  | Noticed a nagaraja
 31057 | Snake:4  | Noticed a nagaraja
 31065 | Snake:4  | Killed a nagaraja
 31069 | Snake:4  | Killed a nagaraja
 31080 | Snake:4  | Killed a nagaraja
 31124 | Snake:4  | Reached XP level 17. HP: 124/149 MP: 24/24
 31205 | Snake:4  | Got a serpentine rune of Zot
 31333 | Snake:4  | Bought an ancient war axe for 391 gold pieces
 31333 | Snake:4  | Identified the cursed +2 war axe of the Hierophant
                  | {antimagic, rC+ rN++} (You bought it in a shop on level 4
                  | of the Snake Pit)
 31487 | Swamp:1  | Entered Level 1 of the Swamp
 31706 | Swamp:1  | Got a polished scale mail
 31718 | Swamp:1  | Identified the +1 scale mail of Shielding {rN+++ Regen+
                  | Int-3 Stlth-} (You found it on level 1 of the Swamp)
 32840 | Swamp:3  | Received a gift from Yredelemnul (a phantasmal warrior)
 32894 | Swamp:3  | Received a gift from Yredelemnul (a skeletal warrior)
 33128 | Swamp:3  | Received a gift from Yredelemnul (a phantasmal warrior)
 33217 | Swamp:3  | Reached skill level 10 in Dodging
 33324 | Swamp:3  | Received a gift from Yredelemnul (a vampire knight)
 33572 | Swamp:4  | Entered Level 4 of the Swamp
 33764 | Swamp:4  | Received a gift from Yredelemnul (a phantasmal warrior)
 33810 | Swamp:4  | Got a decaying rune of Zot
 34599 | D:15     | Entered Level 15 of the Dungeon
 34674 | D:15     | Received a gift from Yredelemnul (a flayed ghost)
 34714 | D:15     | Reached XP level 18. HP: 104/160 MP: 25/25
 34748 | D:15     | Noticed Kirke
 34763 | D:15     | Killed Kirke
 34807 | D:15     | Noticed Louise
 34822 | D:15     | Found a shadowy altar of Dithmenos.
 34829 | D:15     | Killed Louise
 34832 | D:15     | Got a heavily runed large shield
 34834 | D:15     | Identified the +3 large shield "Qaobb" {MP+9 SInv} (You
                  | took it off Louise on level 15 of the Dungeon)
 34948 | D:15     | Found a staircase to the Depths.
 35140 | Depths:1 | Entered Level 1 of the Depths
 35312 | Depths:1 | Received a gift from Yredelemnul (a skeletal warrior)
 35750 | Depths:1 | Found a one-way gate to the infinite horrors of the Abyss.
 35861 | Depths:1 | Found a gateway to Hell.
 36348 | Depths:2 | Reached skill level 15 in Fighting
 36357 | Depths:2 | Paralysed by a vampire knight for 5 turns
 36845 | Depths:2 | Received a gift from Yredelemnul (a skeletal warrior)
 36850 | Depths:2 | Found Xetarch's General Store.
 37258 | Depths:2 | Found a runed door.
 37444 | Depths:2 | Noticed the Enchantress
 37446 | Depths:2 | Cast into level 3 of the Abyss (spriggan defender)
 37450 | Abyss:3  | Found a corrupted altar of Lugonu.
 37605 | Abyss:3  | Slain by a daeva

Skill      XL: |  1  2  3  4  5  6  7  8  9 10 11 12 13 14 15 16 17 18 |
---------------+-------------------------------------------------------+-----
Maces & Flails | 3 4 5 7 8 10 11 12 14 15 16 | 16.2
Dodging        | 3 4 5 7 8 10 11 | 11.8
Armour         | 1 2 3 4 5 6 7 9 10 11 12 13 14 | 14.7
Fighting       | 3 4 6 7 8 9 11 12 13 14 15 | 15.6
Invocations    | 2 4 6 7 8 9 10 | 10.7
Shields        | 4 |  4.0
Stealth        | 2 6 9 |  9.6
Throwing       | |  1.7

Action                   |  1- 3 |  4- 6 |  7- 9 | 10-12 | 13-15 | 16-18 || total
-------------------------+-------+-------+-------+-------+-------+-------++-------
Melee: Flail             |    78 |   295 |   105 |       |       |       ||   478
       Whip              |       |       |   420 |  1122 |  2097 |  1194 ||  4833
Throw: Throwing net      |       |       |       |     3 |       |       ||     3
Invok: Animate Remains   |       |       |       |     4 |       |       ||     4
       Animate Dead      |       |       |       |    13 |    34 |    45 ||    92
       Injury Mirror     |       |       |       |       |     1 |       ||     1
       Recall Undead Sla |       |       |       |       |     5 |     9 ||    14
       Enslave Soul      |       |       |       |       |     3 |       ||     3
Evoke: Wand              |       |       |       |     1 |     3 |     2 ||     6
  Use: Scroll            |       |     2 |    12 |    12 |    16 |     8 ||    50
       Potion            |       |       |       |     2 |    12 |     2 ||    16
 Stab: Distracted        |       |       |       |     6 |    10 |    26 ||    42
       Confused          |       |       |       |     2 |       |       ||     2
       Held in net/web   |       |       |       |     2 |       |       ||     2
       Paralysed         |       |       |       |       |     3 |     5 ||     8
       Sleeping          |       |       |       |       |     2 |    17 ||    19
  Eat: Chunk             |    27 |    39 |    47 |    62 |   136 |   100 ||   411
       Ration            |       |       |       |       |     1 |     4 ||     5
Armor: Leather armour    |    24 |    41 |       |       |       |       ||    65
       Chain mail        |       |    65 |       |       |       |       ||    65
       Scale mail        |       |    46 |   259 |   444 |   720 |   279 ||  1748
Dodge: Dodged            |    49 |   199 |   251 |   411 |   836 |   619 ||  2365
Block: Buckler           |       |       |       |       |   156 |   230 ||   386
